 Dungeon Crawl Stone Soup version 0.21-a0-70-g32e1473 (webtiles) character file.

320 Cactus the Conjurer (level 6, 0/45 HPs)
             Began as a Draconian Fire Elementalist on Oct 10, 2016.
             Slain by Edmund
             ... wielding a +4 dire flail of protection
              (8 damage)
             ... on level 5 of the Dungeon on June 17, 2017.
             The game lasted 00:27:24 (5077 turns).

Cactus the Conjurer (Draconian Fire Elementalist)   Turns: 5077, Time: 00:27:25

Health: 0/45       AC:  6    Str: 10    XL:     6   Next: 22%
Magic:  9/9        EV: 12    Int: 17    God:
Gold:   161        SH:  0    Dex: 12    Spells: 3/9 levels left

rFire    . . .     SeeInvis .   a - +2 quarterstaff (crush)
rCold    . . .     Gourm    .   (shield currently unavailable)
rNeg     . . .     Faith    .   (armour unavailable)
rPois    .         Spirit   .   (helmet restricted)
rElec    .         Reflect  .   (no cloak)
rCorr    .         Harm     .   (no gloves)
MR       .....                  (no boots)
Stlth    ++........             t - amulet of regeneration
HPRegen  0.55/turn              (no ring)
MPRegen  0.11/turn              (no ring)

@: no status effects
A: unfitting armour, cold-blooded, AC +6
a: no special abilities


You were on level 5 of the Dungeon.
You were not hungry.

You visited 1 branch of the dungeon, and saw 5 of its levels.

You collected 161 gold pieces.

Inventory:

Hand Weapons
 a - a +2 quarterstaff of crushing (weapon)
Jewellery
 t - an amulet of regeneration (around neck)
Scrolls
 g - 3 scrolls of identify
 q - a scroll of amnesia
Potions
 c - a potion of curing {unknown}
 e - a potion of lignification
 f - a potion of agility
 h - a potion of heal wounds {unknown}
 i - a potion of berserk rage {unknown}
 j - 2 potions of magic
 k - 2 potions of mutation {unknown}
 m - 2 potions of might {unknown}
 n - a potion of flight
 p - a potion of haste {unknown}
Books
 d - a book of Flames

   Spells                             Type                      Level
   a - Flame Tongue                   Conjuration/Fire             1
   b - Throw Flame                    Conjuration/Fire             2
   c - Conjure Flame                  Conjuration/Fire             3
   d - Inner Flame                    Hexes/Fire                   3
   e - Sticky Flame                   Conjuration/Fire             4
   f - Fireball                       Conjuration/Fire             5
Comestibles
 b - 3 bread rations
 l - 2 royal jellies
 s - a meat ration


   Skills:
   Level 1.5(1.8) Polearms
 - Level 1.3(1.7) Staves
 - Level 1.9 Dodging
 - Level 1.7 Stealth
 + Level 2.3 Spellcasting
 - Level 5.5 Conjurations
 - Level 3.1 Fire Magic


You had 3 spell levels left.
You knew the following spells:

 Your Spells              Type           Power        Failure   Level  Hunger
a - Throw Flame           Conj/Fire      ###...       4%          2    ###....
f - Conjure Flame         Conj/Fire      ###.....     10%         3    ###....
z - Flame Tongue          Conj/Fire      ###..        3%          1    #......


Dungeon Overview and Level Annotations

Branches:
Dungeon (5/15)
 Temple: D:4-7

Altars:
Qazlal
Uskayaw

Shops:
D:4 :

Annotations:
D:4 Pikel
D:5 Edmund


Innate Abilities, Weirdness & Mutations

Your plain brown scales are hard. (AC +6)
You cannot fit into any form of body armour.
You are cold-blooded and may be slowed by cold attacks.


Message History

Edmund is moderately wounded.
Edmund hits you but does no damage.
You hit Edmund but do no damage.
Edmund is moderately wounded.
Edmund hits you but does no damage.
You hit Edmund but do no damage.
Edmund is moderately wounded.
Edmund hits you but does no damage.
You hit Edmund but do no damage.
Edmund is moderately wounded.
Edmund hits you with a dire flail of protection.
* * * LOW HITPOINT WARNING * * *
You barely miss Edmund.
Edmund is moderately wounded.
Edmund hits you but does no damage.
You closely miss Edmund.
Edmund is moderately wounded.
You feel less wooden.
Edmund hits you with a dire flail of protection!
You die...

#................#
#................#
#......(..########
. #......>..# ..
#......<..#
...####.........#
..........#######
........@.#
?......@..#
.......†..#
..........+
..........#
..........#
.##+###+###


You could see Edmund.

Vanquished Creatures
  A slave (D:4)
  A bullfrog (D:4)
  A centaur skeleton (D:4)
  Jessica (D:3)
  An iguana (D:5)
  A worker ant (D:4)
  Terence (D:3)
  2 adders
  An adder skeleton (D:4)
  2 worms (D:2)
  3 dart slugs
  6 leopard geckos
  3 orcs
  2 giant cockroaches
  8 goblins
  5 hobgoblins
  10 jackals
  2 quokkas (D:2)
  10 bats
  7 frilled lizards
  11 kobolds
  A leopard gecko skeleton (D:4)
  11 rats
91 creatures vanquished.

Notes
Turn   | Place    | Note
-------+----------+-------------------------------------------
     0 | D:1      | Cactus the Draconian Fire Elementalist began the quest for the Orb.
     0 | D:1      | Reached XP level 1. HP: 14/14 MP: 3/3
   188 | D:1      | Reached XP level 2. HP: 19/20 MP: 5/5
   452 | D:1      | Learned a level 2 spell: Throw Flame
   454 | D:1      | Reached skill level 2 in Conjurations
   872 | D:1      | Reached XP level 3. HP: 24/26 MP: 1/6
  1509 | D:2      | Reached skill level 3 in Conjurations
  2092 | D:2      | Reached XP level 4. HP: 32/33 MP: 4/7
  2526 | D:3      | Learned a level 3 spell: Conjure Flame
  2755 | D:3      | Reached skill level 4 in Conjurations
  2798 | D:3      | Noticed Jessica
  2810 | D:3      | Killed Jessica
  3139 | D:3      | Noticed Terence
  3143 | D:3      | Upgraded the game from 0.19-a0-1850-g63fd1ff to 0.20-a0-631-g6870b83
  3143 | D:3      | Upgraded the game from 0.20-a0-631-g6870b83 to 0.21-a0-70-g32e1473
  3149 | D:3      | Killed Terence
  3149 | D:3      | Reached skill level 1 in Polearms
  3149 | D:3      | Reached XP level 5. HP: 38/38 MP: 1/8
  3475 | D:4      | Found a stormy altar of Qazlal.
  3508 | D:4      | Found Ogisot's Book Shoppe.
  3511 | D:4      | Noticed Pikel
  3511 | D:4      | Noticed a slave
  3511 | D:4      | Noticed a slave
  3512 | D:4      | Noticed a slave
  3512 | D:4      | Noticed a slave
  3942 | D:4      | Reached skill level 5 in Conjurations
  4053 | D:4      | Reached skill level 1 in Staves
  4053 | D:4      | Reached XP level 6. HP: 13/45 MP: 1/9
  4495 | D:4      | Found a hide-covered altar of Uskayaw.
  4496 | D:4      | Noticed a hand axe
  4497 | D:4      | Noticed a dagger
  4506 | D:4      | Noticed Edmund
  4780 | D:4      | Killed a slave
  4951 | D:5      | Entered Level 5 of the Dungeon
  5077 | D:5      | Slain by Edmund

Vault maps used:
D:1:      nicolae_arrival_memento_mori
D:3:      first_bread, uniq_jessica, uniq_terence
D:4:      dancing_weapons_uskayaw, old_standard_altar, serial_shops,
          nicolae_shop_statue_plus, uniq_edmund, uniq_pikel
D:5:      temple_green, serial_shops, shop, uniq_prince_ribbit1

Skill      XL: |  1  2  3  4  5 |
---------------+----------------+-----
Conjurations   | 2 3 4 5 |  5.5
Polearms       | 1 |  1.5
Staves         | 1 |  1.3
Dodging        | |  1.9
Stealth        | |  1.7
Spellcasting   | |  2.3
Fire Magic     | |  3.1

Action                   |  1- 3 |  4- 6 || total
-------------------------+-------+-------++-------
Melee: Short sword       |    33 |       ||    33
       Tailslap          |     9 |     2 ||    11
       Whip              |    88 |     4 ||    92
       Trident           |       |    33 ||    33
       Morningstar       |       |     1 ||     1
       Quarterstaff      |       |    27 ||    27
 Cast: Flame Tongue      |    41 |    76 ||   117
       Throw Flame       |     3 |    21 ||    24
       Conjure Flame     |       |     1 ||     1
  Use: Scroll            |     7 |     7 ||    14
       Potion            |       |     1 ||     1
 Stab: Sleeping          |     1 |     2 ||     3
  Eat: Chunk             |     4 |     7 ||    11
       Meat ration       |       |     1 ||     1
       Fruit             |       |     1 ||     1
Armor: Skin              |    56 |    33 ||    89
Dodge: Dodged            |   103 |    61 ||   164
